Map: Corrosion EC

Players

Rainbow

  • Race: Zerg Zerg
  • League: Diamond
  • Spawn Location: 5:00

HoldTheDoor - Winner!

  • Race: Protoss Protoss
  • League: Diamond
  • Spawn Location: 11:00

VOD

Have the link to the VOD?

Description

Time

  • Played on: July 4, 2018, 12:52 p.m.
  • Length: 7:35
Show
View Real Time Build Order
Export as new Build Order

Rainbow Zerg 

Build Orders: Pool First, Zergling Baneling 

Get SALT Encoding   

  12  0:01  Drone  
  13  0:08  Drone  
  14  0:18  Overlord  
  14  0:22  Extractor  
  14  0:23  Drone  
  15  0:37  Drone x2  
  17  0:50  Spawning Pool  
  17  0:51  Drone  
  17  0:59  Drone  
  18  1:06  Drone  
  19  1:19  Hatchery  
  19  1:20  Drone  
  19  1:25  Extractor  
  18  1:27  Drone  
  19  1:36  Queen  
  21  1:40  Overlord  
  21  1:51  Drone  
  22  1:59  Drone  
  24  2:16  Queen, Hatchery  
  25  2:23  Extractor  
  25  2:26  Drone x2  
  25  2:28  Metabolic Boost  
  26  2:48  Baneling Nest  
  25  2:54  Drone x5  
  30  3:04  Overlord  
  30  3:22  Queen  
  30  3:26  Zergling x4  
  34  3:29  Zergling x2  
  35  3:43  Lair  
  35  3:45  Zergling x8  
  39  3:57  Queen, Zergling x4  
  43  4:04  Zergling x2  
  43  4:06  Overlord x3  
  46  4:24  Zergling x8  
  46  4:29  Baneling x13  
  48  4:40  Centrifical Hooks  
  48  4:54  Zergling x10  
  51  5:08  Zergling x10  
  51  5:11  Baneling x3  
  56  5:30  Queen  
  56  5:31  Queen  
  60  5:37  Baneling x6  
  60  5:38  Baneling  
  60  5:42  Baneling x3  
  60  6:27  Zergling x14  
  60  6:28  Zergling x2  
  68  6:47  Zergling x12  
  54  6:55  Queen x2  
Show
View Real Time Build Order
Export as new Build Order

HoldTheDoor Protoss - Winner!

Build Orders: Cannon Rush 

Get SALT Encoding   

  12  0:00  Probe  
  13  0:12  Probe  
  14  0:18  Pylon  
  14  0:25  Probe  
  15  0:35  Probe  
  15  0:38  Forge  
  16  0:43  Probe  
  17  0:51  Probe  
  17  0:55  Pylon  
  18  1:04  Probe  
  19  1:20  Photon Cannon, Gateway  
  19  1:32  Photon Cannon  
  19  1:35  Pylon  
  19  1:41  Assimilator  
  19  1:42  Probe  
  20  1:56  Photon Cannon  
  20  2:08  Zealot  
  22  2:18  Probe  
  22  2:19  Cybernetics Core  
  23  2:25  Pylon  
  23  2:26  Probe  
  23  2:35  Probe, Zealot  
  27  2:45  Warp Gate, Assimilator  
  27  2:47  Probe  
  28  2:59  Probe  
  28  3:03  Gateway  
  31  3:14  Adept  
  31  3:21  Gateway  
  31  3:24  Robotics Facility  
  31  3:42  Adept  
  31  3:47  Probe  
  34  4:02  Immortal  
  34  4:16  Adept  
  40  4:17  Adept  
  42  4:24  Pylon  
  42  4:32  Probe, Immortal  
  43  4:40  Pylon  
  45  5:04  Immortal  
  39  5:17  Zealot x2  
  47  5:23  Stargate  
  47  5:27  Pylon  
  47  5:33  Photon Cannon  
  47  5:42  Twilight Council  
  47  5:48  Observer  
  48  5:50  Zealot x2  
  48  5:51  Zealot  
  54  6:03  Void Ray  
  58  6:36  Immortal  
  48  6:47  Zealot x2  
  48  6:48  Zealot  
  44  7:16  Stalker x3  
Tags
 
Add a new tag
Caveats
  • Supply blocks, unpowered buildings, or Contaminate may cause inaccurate times.
  • Supply counts are checked every 10 seconds.